 Dungeon Crawl Stone Soup version 0.26.0-18-gc5c842f807 (webtiles) character file.

Game seed: 5455617916244418489

37 Hellfordprime the Grave Robber (level 3, 0/24 HPs)
             Began as a Human Necromancer on Jan 22, 2021.
             Slain by an adder (1 damage)
             ... on level 2 of the Dungeon.
             The game lasted 00:13:15 (1712 turns).

Hellfordprime the Grave Robber (Human Necromancer)  Turns: 1712, Time: 00:13:15

Health: 0/24       AC:  4    Str:  8    XL:     3   Next: 60%
Magic:  0/6        EV: 12    Int: 16    God:
Gold:   114        SH:  0    Dex: 13    Spells: 5/6 levels left

rFire    . . .     SeeInvis .   c - +0 spear
rCold    . . .     Faith    .   (no shield)
rNeg     . . .     Spirit   .   i - +0 leather armour
rPois    .         Reflect  .   (no helmet)
rElec    .         Harm     .   k - +0 cloak
rCorr    .         Rampage  .   (no gloves)
Will     .....                  (no boots)
Stlth    ++........             (no amulet)
HPRegen  0.08/turn              (no ring)
MPRegen  0.10/turn              (no ring)

@: very slightly contaminated
A: no striking features
a: no special abilities


You were on level 2 of the Dungeon.
You visited 1 branch of the dungeon, and saw 2 of its levels.

You collected 114 gold pieces.

Inventory:

Hand Weapons
 b - a +0 club
 c - a +0 spear (weapon)
 e - a +0 dagger
 l - a cursed -2 club
 n - a cursed -1 short sword
 r - a +0 dagger
 s - a +0 club
Missiles
 q - 9 stones
Armour
 a - a +0 robe
 f - a +0 robe
 g - a +0 robe
 i - a +0 leather armour (worn)
 k - a +0 cloak (worn)
 p - a +0 leather armour
 v - a +0 robe
Jewellery
 o - an uncursed ring of protection from cold {unknown}
Scrolls
 d - 2 scrolls of remove curse {unknown}
 h - 2 scrolls of identify {unknown}
 j - a scroll of magic mapping {unknown}
 m - a scroll of blinking {unknown}
 t - a scroll of immolation {unknown}
Potions
 u - a potion of resistance {unknown}


   Skills:
 + Level 0.2 Polearms
 + Level 0.6 Armour
 + Level 2.0 Dodging
 + Level 2.1 Stealth
 + Level 2.4 Spellcasting
 + Level 4.6 Necromancy


You had 5 spell levels left.
You knew the following spells:

 Your Spells              Type           Power        Failure   Level
a - Pain                  Necr           64%          4%          1

Your spell library contained the following spells:

 Spells                   Type           Power        Failure   Level
 Animate Skeleton         Necr           32%          4%          1
 Vampiric Draining        Necr           8%           12%         3
 Animate Dead             Necr           8%           38%         4
 Agony                    Necr           16%          75%         5


Dungeon Overview and Level Annotations

Branches:
Dungeon (2/15)

Altars:


Message History

You don't have enough magic to cast that spell.
Unknown command.
You don't have enough magic to cast that spell.
Unknown command.
You don't have enough magic to cast that spell.
Unknown command.
You don't have enough magic to cast that spell.
Unknown command.
You don't have enough magic to cast that spell.
You hit the jackal but do no damage.
The jackal is severely wounded.
The adder barely misses you. The jackal bites you.
* * * LOW HITPOINT WARNING * * *
The jackal bites you.
* * * LOW HITPOINT WARNING * * *
The dart slug launches a dart at you. The slug dart hits you.
* * * LOW HITPOINT WARNING * * *
The adder bites you.
You die...

#.# #.# .# #.# #..#+#..#
.##.# #.....#
...########..#
#............#
#...#######..#### ##.
#...# ##....<.
.....###...######...###.
#...h@w..........†..#.
#.###hS#.######...#...
#..#.# ##...... #..#.#
#.##### ...#.# #.#
##.##.# #.. ....?. ..#
..##.# ###


You could see an adder, a dart slug and 2 jackals.

Vanquished Creatures
  An adder (D:2)
  2 dart slugs (D:1)
  6 bats (D:1)
  A giant cockroach (D:1)
  4 goblins (D:1)
  2 hobgoblins (D:1)
  2 jackals (D:2)
  A quokka (D:2)
  2 frilled lizards (D:1)
  A rat (D:1)
22 creatures vanquished.

Notes
Turn   | Place    | Note
-------+----------+-------------------------------------------
     0 | D:1      | Hellfordprime the Human Necromancer began the quest for the
                  | Orb.
     0 | D:1      | Reached XP level 1. HP: 13/13 MP: 3/3
   274 | D:1      | Reached XP level 2. HP: 10/19 MP: 0/5
   906 | D:1      | Reached XP level 3. HP: 21/24 MP: 2/6
  1712 | D:2      | HP: 1/24 [dart slug/slug dart (3)]
  1712 | D:2      | Slain by an adder

Illustrated notes

Levels and vault maps discovered:
D:1:      ncdulo_halloftheorcs, layout_basic
D:2:      cheibrodos_greedy_goblins, layout_loops_ring

Action                   || total
-------------------------++-------
Melee: Spear             ||    36
 Cast: Pain              ||    33
Armor: Leather armour    ||    13
Dodge: Dodged            ||    49
